Cogmind - Beta 16.1 @@@ ROGUE MODE // 2026.02.11 @ 09:52:51 Player: ae Result: Destroyed by YN-DIT(R) with Subdweller Laser Performance ------------- Evolutions (0) 0 Regions Visited (2) 400 Robots Destroyed (27) 135 Value Destroyed (690) 690 Prototype IDs (0) 0 Alien Tech Used (0) 0 Bonus (0) 0 TOTAL SCORE: 1225 Bonus ------- None Cogmind --------- Core Integrity 0/250 Matter 280/300 Energy 65/125 System Corruption 0% Temperature Cool (6) Movement Walking (190) Ox1 Location -10/Subcaves Parts ------- > --- POWER (1) -------- Light Ion Engine > --- PROPULSION (2) --- Aluminum Leg Aluminum Leg > --- UTILITY (2) ------ Improved Heat Sink Large Storage Unit > --- WEAPON (2) ------- Particle Cannon Particle Cannon > --- INVENTORY (15) --- Subdweller Power Source Subdweller Power Source Subdweller Power Source Wheel Compact Wheel Disposable Heat Sink Disposable Heat Sink Large Storage Unit Subdweller Optics Subdweller Laser Scrap Shield Fragment (47) Scrap Shield Fragment (38) Peak State ------------ > --- POWER ------------ Light Ion Engine > --- PROPULSION ------- Aluminum Leg Aluminum Leg > --- UTILITY ---------- Improved Heat Sink Large Storage Unit > --- WEAPON ----------- Particle Cannon Particle Cannon > --- INVENTORY -------- Light Ion Engine Light Nuclear Core Aluminum Leg Aluminum Leg Aluminum Leg Wheel Wheel Compact Wheel Heat Sink Disposable Heat Sink Disposable Heat Sink Large Storage Unit Large Matter Pod Particle Cannon Particle Cannon [Rating: 13] Favorites ----------- Power Light Ion Engine Engine Light Ion Engine Propulsion Aluminum Leg Leg Aluminum Leg Wheel Wheel Utility Large Storage Unit Device Improved Heat Sink Storage Large Storage Unit Weapon Particle Cannon Energy Gun Medium Laser Energy Cannon Particle Cannon Ballistic Gun Assault Rifle Build | -11 -10 -10 ------- Run | Yrd Mat Sub Slots Evolved . | . . . Power . | . . . Propulsion . | . . . Utility . | . . . Weapon . | . . . Parts Attached 18 | 7 9 2 Power 1 | 1 . . Engine 1 | 1 . . Core . | . . . Reactor . | . . . Propulsion 6 | 2 4 . Treads . | . . . Leg 5 | 2 3 . Wheel 1 | . 1 . Hover . | . . . Flight . | . . . Utility 4 | 1 3 . Device 3 | 1 2 . Storage 1 | . 1 . Processor . | . . . Hackware . | . . . Protection . | . . . Artifact . | . . . Weapon 7 | 3 2 2 Energy Gun 1 | 1 . . Energy Cannon 4 | . 2 2 Ballistic Gun 2 | 2 . . Ballistic Cannon . | . . . Launcher . | . . . Special Weapon . | . . . Impact Weapon . | . . . Slashing Weapon . | . . . Piercing Weapon . | . . . Special Melee Weapon . | . . . Unidentified Prototypes . | . . . Parts Lost 4 | . . 4 Power . | . . . Propulsion 2 | . . 2 Utility . | . . . Weapon 2 | . . 2 Highest Loss Streak 3 | . . 3 To Critical Strikes . | . . . Average Backups 13 | 2 14 13 Power 2 | . 1 2 Propulsion 4 | 1 5 3 Utility 4 | . 4 4 Weapon 2 | . 1 2 Tool/Special . | . . . Unused Backups 19 | . 4 15 Power 5 | . . 5 Propulsion 3 | . 1 2 Utility 9 | . 2 7 Weapon 2 | . 1 1 Tool/Special . | . . . Average Slot Usage (%) 99 | . 99 99 Engine 14 | . 14 14 Leg 26 | . 26 27 Wheel 1 | . 1 . Device 14 | . 14 14 Storage 13 | . 13 14 Energy Cannon 23 | . 21 28 Ballistic Gun 4 | . 6 . Peak Build Rating 13 | 6 13 13 Average Rating 11 | 4 11 12 On Entrance 6 | . 6 13 Avg Prop Armor Cover (%) 8 | . 8 . Naked Turns . | . . . Heaviest Build 32 | 7 32 32 Greatest Support 20 | 20 20 20 Greatest Overweight (x) 2 | . 2 1 Average Overweight (x) 1 | . 1 1 Largest Inventory Capacity 15 | 5 15 15 Average Capacity 14 | 5 14 15 Most Carried 15 | 5 15 15 Average Carried 13 | 2 14 14 Final Capacity 15 | 5 15 15 Final Carried 15 | 5 15 12 Class Distribution -------------------- 100% | Mutant Dominant Class ---------------- Mutant | -10/Materials Mutant | -10/Subcaves Resources | -11 -10 -10 ----------- Run | Yrd Mat Sub Matter Collected 650 | 282 358 10 Remotely . | . . . Salvage Created 1132 | 61 782 289 Parts 64 | 4 41 19 Haulers Intercepted 2 | . 2 . Recyclers Shooed 1 | . 1 . Parts Field Recycled . | . . . Retrieved Matter . | . . . Parts Self-Destructed 11 | . . 11 Prevented . | . . . Parts Restored . | . . . Kills | -11 -10 -10 ------- Run | Yrd Mat Sub Combat Hostiles Destroyed 15 | 1 8 6 Guns 5 | 1 4 . Cannons 10 | . 4 6 Classes Destroyed 8 | 2 5 1 Worker 2 | 1 1 . Tunneler 1 | . 1 . Hauler 2 | . 2 . Recycler 3 | . 3 . Operator 1 | . 1 . Watcher 3 | . 3 . Grunt 9 | 1 8 . Subdweller 6 | . . 6 Best Kill Streak 4 | 1 4 3 Combat Bots Only 3 | 1 3 3 Max Kills in Single Turn 2 | 1 2 1 Gunslinging . | . . . Exploded . | . . . Melee . | . . . Uniques/NPCs Destroyed . | . . . Combat | -11 -10 -10 -------- Run | Yrd Mat Sub Hostile Shots Fired 71 | 2 34 35 Missed 17 | 1 5 11 Hits 54 | 1 29 24 Projectile 54 | 1 29 24 AOE 3 | . . 3 Damage Taken 1026 | 12 393 621 Core 257 | . 42 215 Absorbed by Shields . | . . . Core Remaining (%) 100 | 100 . . Volleys Fired 82 | 3 53 26 Largest 2 | 2 2 2 Hottest 136 | 40 136 136 Shots Fired 164 | 6 106 52 Gun 60 | 6 54 . Cannon 104 | . 52 52 Launcher . | . . . Special . | . . . Kinetic 60 | 6 54 . Thermal 104 | . 52 52 Explosive . | . . . Electromagnetic . | . . . Robot Hit Streak 22 | 3 11 22 Robot Miss Streak 3 | 1 3 1 Penetration Max . | . . . Secondary Targets . | . . . Shots Hit Robots 101 | 4 64 33 Core Hits 41 | 3 26 12 Critical Kills 1 | . 1 . Critical Parts Destroyed . | . . . Critical Strikes 1 | . 1 . Meltdown 1 | . 1 . Melee Attacks . | . . . Impact . | . . . Slashing . | . . . Piercing . | . . . Sneak Attacks . | . . . Combat Hostiles . | . . . Follow-up Attacks . | . . . Damage Inflicted 1707 | 40 989 678 Guns 422 | 40 382 . Cannons 1272 | . 594 678 Explosions . | . . . Melee . | . . . Ramming 13 | . 13 . Kinetic 422 | 40 382 . Thermal 1272 | . 594 678 Explosive . | . . . Electromagnetic . | . . . Impact . | . . . Slashing . | . . . Piercing . | . . . Highest Corruption . | . . . Average Corruption . | . . . Corruption Purged . | . . . Corruption Blocked . | . . . Overload Shots . | . . . Overflow Damage . | . . . Projectiles . | . . . Explosions . | . . . Melee . | . . . Knockbacks . | . . . Impact . | . . . Kinetic . | . . . Secondary . | . . . Self-Inflicted Damage . | . . . Shots . | . . . Rammed . | . . . Targets Rammed 1 | . 1 . Kicked 1 | . 1 . Crushed . | . . . Highest Temperature 216 | . 216 3 Average Temperature 44 | . 45 3 Received Heat Transfer 333 | 6 225 102 Siege Activations . | . . . Martial Activations . | . . . Shielding Activations . | . . . Robots Disrupted . | . . . Combat Hostiles . | . . . Robots Corrupted . | . . . Combat Hostiles . | . . . Parts Fried . | . . . Impact Corruptions . | . . . Robots Melted 1 | . 1 . Combat Hostiles . | . . . Parts Melted 5 | . 3 2 Heat Transferred 2294 | . 1073 1221 Parts Sabotaged . | . . . Parts Stolen . | . . . Parts Stripped . | . . . Power Chain Reactions . | . . . Alert | -11 -10 -10 ------- Run | Yrd Mat Sub Maximum Alert Level . | . . . Low Security (%) 100 | 100 100 . Level 1 . | . . . Level 2 . | . . . Level 3 . | . . . Level 4 . | . . . Level 5 . | . . . High Security . | . . . Max Security . | . . . Peak Influence 60 | 20 60 . Initial 6 | . 6 . Average 11 | 2 12 . Influence Increases 324 | 25 299 . Destroy 0b10 Robot/C 180 | 20 160 . Destroy 0b10 Robot/NC 60 | 5 55 . Destroy Leader 60 | . 60 . Successful Hack 8 | . 8 . Disable Machine 15 | . 15 . Destroy Structure 1 | . 1 . Influence Decreases 324 | 15 282 27 Entered New Map 18 | . 4 14 Time Decay 306 | 15 278 13 Squads Dispatched 4 | . 4 . Investigation 2 | . 2 . Extermination . | . . . Reinforcement 2 | . 2 . Assault . | . . . Garrison . | . . . Intercept . | . . . Searches Triggered . | . . . Construction Impeded . | . . . Haulers Reinforced . | . . . Active Scanning Responses . | . . . Cargo Convoy Interrupts . | . . . Stealth | -11 -10 -10 --------- Run | Yrd Mat Sub Distress Signals 1 | . 1 . Communications Jammed . | . . . Distress Signals . | . . . Times Spotted 27 | 1 17 9 Peak Tracking Total 3 | 1 3 3 Tactical Retreats . | . . . Traps | -11 -10 -10 ------- Run | Yrd Mat Sub Traps Triggered 2 | . 2 . Indirectly . | . . . Trap Hack Attempts . | . . . Triggered . | . . . Disarmed . | . . . Reprogrammed . | . . . Reused . | . . . Traps Extracted . | . . . Installed . | . . . Triggered . | . . . Machines | -11 -10 -10 ---------- Run | Yrd Mat Sub Machines Disabled 1 | . 1 . Max in Single Turn 1 | . 1 . Machines Repaired . | . . . Machines Dismantled . | . . . Machines Sabotaged . | . . . Overloaded Fab Kills . | . . . Hacking | -11 -10 -10 --------- Run | Yrd Mat Sub Machines Accessed 8 | . 8 . Terminals 6 | . 6 . Fabricators . | . . . Repair Stations 1 | . 1 . Recycling Units 1 | . 1 . Scanalyzers . | . . . Garrison Access . | . . . Total Hacks 22 | . 22 . Successful 9 | . 9 . Failed 13 | . 13 . Catastrophic . | . . . Database Lockouts . | . . . Manual 13 | . 13 . Terminals 18 | . 18 . Fabricators . | . . . Repair Stations 2 | . 2 . Recycling Units 2 | . 2 . Scanalyzers . | . . . Garrison Access . | . . . Terminal Hacks 1 | . 1 . Alert Level 1 | . 1 . Fabricator Hacks . | . . . Repair Station Hacks 1 | . 1 . Scan Component 1 | . 1 . Recycling Unit Hacks 2 | . 2 . Report Inventory 1 | . 1 . Retrieve Components 1 | . 1 . Scanalyzer . | . . . Garrison Access Hacks . | . . . Unauthorized Hacks 5 | . 5 . Terminals 5 | . 5 . Track 2 | . 2 . Botnet 3 | . 3 . Fabricators . | . . . Repair Stations . | . . . Recycling Units . | . . . Scanalyzers . | . . . Garrison Access . | . . . Data Cores Recovered . | . . . Used . | . . . Hacking Detections 7 | . 7 . Full Trace Events . | . . . Feedback Events . | . . . Feedback Blocked . | . . . Robot Schematics Acquired . | . . . Robots Built . | . . . Authchips . | . . . Time . | . . . Total Robot Build Rating . | . . . Part Schematics Acquired . | . . . Parts Built . | . . . Authchips . | . . . Time . | . . . Total Part Build Rating . | . . . Part Studies Acquired . | . . . Parts Repaired . | . . . Time . | . . . Parts Recycled . | . . . Recycled Matter . | . . . Retrieved Matter . | . . . Retrieved Components 3 | . 3 . Parts Scanalyzed . | . . . Part Schematics Acquired . | . . . Parts Damaged . | . . . Bothacking | -11 -10 -10 ------------ Run | Yrd Mat Sub Used RIF Installer . | . . . Robots Hacked . | . . . Non-combat . | . . . Combat . | . . . Robot Hacks Applied . | . . . Relay Couplers Released . | . . . Fabnet Peak Effective % . | . . . Robots Rewired . | . . . Allies Hacked . | . . . Hacks Repelled . | . . . Allies | -11 -10 -10 -------- Run | Yrd Mat Sub Total Allies . | . . . Largest Group . | . . . Highest-Rated Group . | . . . Highest-Rated Ally . | . . . Total Orders . | . . . Ally Attacks . | . . . Total Damage . | . . . Kills . | . . . Allies Corrupted . | . . . Allies Melted . | . . . Intel | -11 -10 -10 ------- Run | Yrd Mat Sub Active Infowar (turns) . | . . . Robot Analysis Total . | . . . Derelict Logs Recovered 1 | . . 1 Drone Launches . | . . . Drone Recoveries . | . . . Exploration | -11 -10 -10 ------------- Run | Yrd Mat Sub Turns Passed 2674 | 111 1723 840 Spaces Moved 1248 | 84 799 365 Core 18 | 18 . . Treads . | . . . Legs 1084 | 66 653 365 Wheels 146 | . 146 . Hover . | . . . Flight . | . . . Fastest Speed 50 | 50 110 190 Average Speed 174 | 105 174 190 Slowest Speed 260 | 120 260 190 Overloaded Moves . | . . . Propulsion Burnouts . | . . . Robots Hopped . | . . . Potential Cave-ins . | . . . Cave-ins Triggered . | . . . Exploration Rate (%) 40 | 5 92 24 Regions Visited 2 Branch Regions 1 Pre-discovered Areas . | . . . Known Exits Taken . | . . . Unknown Exits Taken 2 | 1 1 . Scrap Searched . | . . . Spaces Dug . | . . . Terrain Destroyed . | . . . Melee . | . . . Projectile . | . . . AOE . | . . . Terrain Rammed . | . . . Walls Destroyed . | . . . Machines Disabled . | . . . Actions | -11 -10 -10 --------- Run | Yrd Mat Sub Total 1594 | 98 1033 463 Wait 200 | . 145 55 Move 1246 | 83 798 365 Hop . | . . . Pick Up 27 | 5 15 7 Fast Attach 9 | 6 3 . Attach 4 | . . 4 Detach . | . . . Swap 8 | 1 7 . Drop 17 | . 11 6 Fire 82 | 3 53 26 Melee . | . . . Ram . | . . . Kick 1 | . 1 . Crush . | . . . Escape Stasis . | . . . Rewire . | . . . Trap . | . . . Miscellaneous . | . . . Route ------- -11/Scrapyard -10/Materials (discovered 5 exits: [*Mat x3] / [*Min] / [*Sub]) -10/Subcaves History --------- Turn | Location | Event 2 | -11/Scrapyard | Met Revision 17 85 | -11/Scrapyard | Discovered new exit (range 8) 112 | -11/Scrapyard | Entered Materials 306 | -10/Materials | Build established: Mutant 319 | -10/Materials | Discovered new exit (range 9) 335 | -10/Materials | Discovered new exit (range 16) 777 | -10/Materials | Discovered new exit (range 8) 1168 | -10/Materials | Discovered new exit (range 8) 1817 | -10/Materials | Discovered new exit (range 10) 1835 | -10/Materials | Entered Subcaves 1836 | -10/Subcaves | Approached by a straggling Scientist 1992 | -10/Subcaves | Shifting Twisted Machinery released Flamer 1997 | -10/Subcaves | Shifting Twisted Machinery released Enh. Flamer 2265 | -10/Subcaves | Core integrity fell below 50% 2299 | -10/Subcaves | Shifting Twisted Machinery released Humpback 2371 | -10/Subcaves | Shifting Twisted Machinery released Flamer 2469 | -10/Subcaves | A swath of the cavern ceiling suddenly collapsed 2645 | -10/Subcaves | A Subdweller sparked back to life 2645 | -10/Subcaves | A Subdweller sparked back to life 2645 | -10/Subcaves | A Subdweller sparked back to life 2660 | -10/Subcaves | Core integrity fell below 20% 2675 | -10/Subcaves | Destroyed by YN-DIT(R) with Subdweller Laser Last Messages --------------- 02189_ Acquired Scrap Shield Fragment. 02192_ Subatomizers dissect the Disposable Heat Sink. 02192_ Dropped Heat Sink. 02193_ Acquired Scrap Shield Fragment. 02201_ Dropped Lgt. Nuclear Core. 02204_ Acquired Sub. Power Source. 02253_ YF-SQA(R) destroyed. 02266_ XU-0C8(R) destroyed. 02276_ Subatomizers dissect the Lgt. Nuclear Core. Humpback falls loose from the Twisted Machinery. Flamer falls loose from the Twisted Machinery. A swath of the cavern ceiling suddenly collapses. 02639_ Acquired derelict log, extracted data. Data stored: Storage entrances (x1). 02645_ K9-9SI(R) creaks and sparks as it begins to move. 02645_ QJ-DMM(R) creaks and sparks as it begins to move. 02645_ YN-DIT(R) creaks and sparks as it begins to move. 02657_ Particle Cannon destroyed. 02663_ Aluminum Leg destroyed. 02667_ QJ-DMM(R) destroyed. Map ----- +----------------------------------------------------+ | ?????????" #???????????## #??????????????????? | | #####???#" #????????#### ##??????????????????? | | # #####" ####????##""" ###???????????????????? | | #"""""##??## ! ##?####????????????????? | | ## # ##"""" #?## #??# #????????????????? | | #### ### """"### ##?# ##???????????????? | | ## ### ## #?# ##??####????????? | | # ## " """" ## ### ""###"""#????????? | | """""" ## ### " "" " "##???????? | | " """"""" ## ## """"" ""##??????? | | " """""######## """" ????? | | # """ "#?????# % % "" "" ????? | | # """ ##?????# ### # % "" ????? | | # "" #??????##### ### % ### "" #??? | | ## "" #???###### #????? ""#??? | | ?## ""| #???# # %%####??? "#??? | | #### ## ##??## ### " #? #??? | | # ## ##?####???# #######?## # #??? | | # #???######## ###?????## #??? | | # ##### # # # ##????# %& # #??? | | # ### ##???# %= ### #??? | | ##?## ##??## #?? ##??? | | ## #####???## ##??#" ##???????? | | ?###############????????## #??# #????????? | | ????????????????????????# ##?# " #????????? | | ?????????????????????####@& #?### ####????????? | | ???????????????????### ###%R#???# ##??????????? | | ??????????????????## ##!##???# #??????????? | | ??????????????????# "" " # ### #??????????? | | ??????????????????# #??????????? | | ??????????????????#" " ### ##??????????? | | ??????????????????# #### ! #???????????? | | ??????????????????#### ## [%###?????????? | | ????????????????????# !=#!&##?####???? | | ???????????????????# ## # = %&[ ## ##??? | | ???????????????????## #### ## !! = # #??? | | ????????????????????##???## # !##% "#??? | | ?????????????????????????# # " #### *% ""#??? | | ?????????????????????????## ##"" ## "" #??? | | ?????????????????????????# ###" % "" ##??? | | ?????????????????????????#? ?###"" ### #???? | | ??????????????????????????? ???##" ######???? | | ??????????????????????????? ??##""" "## ##???? | | ???###?????????#####??????? ??# """ " #???? | | ??## #?????###?# #?????????? " ## ##???? | | ??# ####### ### #??????????? "?# ##????? | | ?## # ##????????# ""?# " #????? | | ## #????????# ""##""#?## ###???? | | # #####????#??"??###???# ##??? | | # # ## ###??????????????# #??? | +----------------------------------------------------+ Best States ------------- Heat Dissipation 39 Energy Generation 10 Energy Capacity 125 Matter Stores 300 Matter Capacity 300 Sight Range 16 Terrain Scan Density 10 Evasion (%) 55 Item Schematics ----------------- None Robot Schematics ------------------ None Fabricated ------------ Nothing Repaired ---------- Nothing Studied --------- None Alien Tech Used ----------------- None Achievements -------------- None Challenges ------------ None Game ------ Seed ModifiedFusionEdition Manual? 0 Play Time 00:15:46 Cumulative 99.7 hours Start 2026.02.11 @ 09:32:19 End 2026.02.11 @ 09:52:51 Sessions 1 Manual Loads 0 Difficulty Rogue Special Mode None Game No. 69 Rogue 65 Adventurer 4 Explorer 0 Win Type - Total 4 Types 4/0/0/0/0/0/0/0/0/0 Lore% 60 Gallery% 48 Achievement% 39 Wizard Run 0 Options --------- Layout 0 ASCII 0 Keyboard 1 Movement Vi Keybinds 0 Fullscreen 0 Font 16/SmallcapsGlow Map View 76x50 Zoom Use 0% Tactical HUD 1 Map Filters NONE Filters NONE Steam 1 RUN: de21447e-0603-4e7a-b2d6-a05c9bd15f7d